 Dungeon Crawl Stone Soup version 0.28.0 (webtiles) character file.

Game seed: 1057978759550851714

4932 pkoi the Cleaver (level 10, -2/83 HPs)
             Began as a Minotaur Gladiator on Feb 11, 2022.
             Was a Believer of Qazlal.
             Slain by a vampire (6 damage)
             ... in a bailey.
             The game lasted 00:12:30 (11243 turns).

pkoi the Cleaver (Minotaur Gladiator)              Turns: 11243, Time: 00:12:30

Health: -2/83      AC: 10    Str: 23    XL:     10   Next: 27%
Magic:  3/16       EV:  9    Int:  5    God:    Qazlal [**....]
Gold:   518        SH:  2    Dex: 12    Spells: 9/9 levels left

rFire   + . .      SeeInvis .   a - +1 war axe
rCold   . . .      Faith    .   (no shield)
rNeg    . . .      Spirit   .   n - +0 chain mail
rPois   .          Reflect  .   c - +1 hat
rElec   .          Harm     .   (no cloak)
rCorr   .          Rampage  .   (no gloves)
Will    .....                   (no boots)
Stlth   ..........              (no amulet)
HPRegen 0.23/turn               l - ring of protection from fire
MPRegen 0.15/turn               (no ring)

@: no status effects
A: horns 2, retaliatory headbutt, MP-powered wands
a: Renounce Religion, Upheaval


You were in a bailey.
You worshipped Qazlal.
Qazlal was pleased with you.
You visited 1 branch of the dungeon, and saw 8 of its levels.
You also visited: Bailey.

You collected 518 gold pieces.

Inventory:

Hand Weapons
 a - a +1 war axe (weapon)
 r - a +0 short sword of venom
Missiles
 d - 2 throwing nets (quivered)
 x - a curare-tipped dart
Armour
 b - a +0 leather armour
 c - a +1 hat (worn)
 n - a +0 chain mail (worn)
 q - a +0 plate armour
Jewellery
 e - a +4 ring of protection
 l - a ring of protection from fire (left hand)
 m - a ring of positive energy
Wands
 s - a wand of iceblast (13)
Scrolls
 f - a scroll of identify
 g - 2 scrolls of vulnerability
 i - a scroll of fear
 j - 2 scrolls of fog
 o - a scroll of teleportation
 p - 2 scrolls of enchant armour
Potions
 h - 3 potions of curing
 k - a potion of magic
 t - 3 potions of cancellation
 u - a potion of heal wounds
 w - 2 potions of mutation
 z - a potion of resistance


   Skills:
 - Level 6.0 Fighting
 + Level 12.0 Axes
 - Level 2.0 Throwing
 - Level 3.1 Armour
 - Level 4.5 Dodging
 * Level 10.0 Invocations


You had 9 spell levels left.
You didn't know any spells.
Your spell library contained the following spells:

 Spells                   Type           Power      Damage    Failure   Level
 Beastly Appendage        Tmut           0%         N/A       99%         1
 Freeze                   Ice            0%         1d3       99%         1
 Wereblood                Tmut           0%         N/A       100%        2
 Frozen Ramparts          Ice            0%         1d2       100%        3
 Spider Form              Tmut/Pois      0%         N/A       100%        3
 Hailstorm                Conj/Ice       0%         3d3       100%        4
 Summon Ice Beast         Ice/Summ       0%         N/A       100%        4
 Summon Mana Viper        Hex/Summ       0%         N/A       100%        5
 Monstrous Menagerie      Summ           0%         N/A       100%        7


Dungeon Overview and Level Annotations

Branches:
Dungeon (8/15)             Temple (0/1) D:5          Bailey (1/1)
   Lair: D:8-11

Altars:
Cheibriados
Dithmenos
Elyvilon
Fedhas
Qazlal
Ru
Vehumet
Zin
The Shining One

Shops:
D:2 !   D:3 *

Annotations:
D:5 2 transporters


Innate Abilities, Weirdness & Mutations

You have a pair of horns on your head.
You reflexively headbutt those who attack you in melee.
You expend magic power (3 MP) to strengthen your wands.


Message History

Press: ? - help, Dir - move target A storm cloud blasts the area with cutting wind!
The cutting wind hits the vampire!!
The vampire is severely damaged.
The cutting wind hits something!!
Qazlal accepts your kill.
Reactivating autopickup.
You feel a bit more experienced.
Your Axes skill increases to level 12!
Your Invocations skill increases to level 10!
Unknown command.
Unknown command.
Aiming: Upheaval
Press: ? - help, Dir - move target, f - vampire
Aim: a vampire, wielding a +1 vampiric glaive and wearing a +0 chain mail (severely damaged)
A blizzard blasts the area with ice!
The blast of ice hits the vampire.
The vampire partially resists.
The vampire is almost destroyed.
The vampire is flash-frozen.
The vampire mumbles some strange words.
The vampire flickers and vanishes!
Deactivating autopickup; reactivate with Ctrl-A.
Something hits you!!
* * * LOW HITPOINT WARNING * * *
Something hits you.
* * * LOW HITPOINT WARNING * * *
Something bites you.
* * * LOW HITPOINT WARNING * * *
Something draws strength from your injuries!
Things that are here:
a +0 glaive; a +0 chain mail You closely miss something.
Your headbutt misses something. Something hits you!
* * * LOW HITPOINT WARNING * * *
Something bites you.
* * * LOW HITPOINT WARNING * * *
Something draws strength from your injuries!
You hit something. Something hits you!
* * * LOW HITPOINT WARNING * * *
Something bites you.
You die...

......######......#..#
.............##)..#..#
..♣.......).##....#..#
..♣.........#..).##..#
...........##..)##...#
...♣......).##..)...8#
#............##§...######
....)..♣......#...##....#
.......♣♣.....#.@##.....[
#.....♣.......#.{#...#
..............#..'..#
...#'##.......#..'..#
...#.)#####..8#..#...#
####))'...#####8.##.....
####...# #### #...8#
#÷..# ##### #####


There were no monsters in sight!

Vanquished Creatures
  A gargoyle (Bailey)
  A hornet (D:7)
  Prince Ribbit (D:5)
  A vampire (Bailey)
  A wyvern (D:7)
  Menkaure (D:7)
  Duvessa (D:5)
  4 water moccasins
  A black bear (D:7)
  A necrophage (D:5)
  2 orc warriors
  6 ogres
  A centaur (D:7)
  2 phantoms
  2 kobold brigands
  4 bullfrogs
  3 scorpions
  Dowan (D:5)
  3 killer bees (D:8)
  6 vampire bats (Bailey)
  3 wolf zombies (Bailey)
  3 jellies
  A centaur zombie (D:7)
  2 bullfrog zombies (D:6)
  3 hounds
  5 orc priests
  2 centaur skeletons
  5 iguanas
  2 hell rats (D:7)
  3 orc wizards
  A hound skeleton (D:4)
  A howler monkey zombie (D:8)
  6 adders
  9 river rats (D:7)
  3 white imps
  3 worms
  2 dart slugs
  18 orcs
  3 ball pythons
  8 endoplasms
  5 giant cockroaches
  8 goblins
  9 hobgoblins
  4 jackals (D:5)
  9 kobolds
  7 quokkas
  4 bats
  3 frilled lizards
  21 orc zombies (Bailey)
  19 rats
215 creatures vanquished.

Vanquished Creatures (others)
  2 kobolds (D:7)
  2 fungi (D:5)
  4 plants (D:5)
8 creatures vanquished.

Grand Total: 223 creatures vanquished

Notes
Turn   | Place    | Note
-------+----------+-------------------------------------------
     0 | D:1      | pkoi the Minotaur Gladiator began the quest for the Orb.
     0 | D:1      | Reached XP level 1. HP: 18/18 MP: 0/0
   206 | D:1      | Reached skill level 4 in Axes
   322 | D:1      | Found a faded altar of an unknown god.
   448 | D:1      | Reached XP level 2. HP: 18/25 MP: 1/1
  1077 | D:2      | Found Buloluatt's Distillery.
  1199 | D:2      | Reached XP level 3. HP: 30/31 MP: 2/2
  1544 | D:2      | Reached skill level 5 in Axes
  1747 | D:3      | Reached XP level 4. HP: 30/38 MP: 3/3
  1877 | D:3      | Found a glowing silver altar of Zin.
  1877 | D:3      | Found Zin's Purification Station.
  2277 | D:3      | Reached skill level 6 in Axes
  2277 | D:3      | Reached XP level 5. HP: 7/46 MP: 4/4
  3205 | D:4      | Reached skill level 7 in Axes
  3205 | D:4      | Reached XP level 6. HP: 51/53 MP: 5/5
  3321 | D:4      | Reached skill level 5 in Fighting
  3321 | D:4      | Reached skill level 1 in Armour
  3991 | D:4      | Noticed an orc warrior
  4087 | D:4      | Reached XP level 7. HP: 61/61 MP: 6/6
  4135 | D:5      | Entered Level 5 of the Dungeon
  4148 | D:5      | Reached skill level 8 in Axes
  4516 | D:5      | Found a stormy altar of Qazlal.
  4611 | D:5      | Found a white marble altar of Elyvilon.
  4611 | D:5      | Noticed a hornet
  4611 | D:5      | Noticed a wyvern
  4621 | D:5      | Found a transporter.
  4799 | D:5      | Found a transporter.
  5264 | D:5      | Found a blossoming altar of Fedhas.
  5266 | D:5      | Became a worshipper of Qazlal Stormbringer
  5318 | D:5      | Noticed Dowan
  5325 | D:5      | Killed Dowan
  5326 | D:5      | Noticed Duvessa
  5341 | D:5      | Killed Duvessa
  5342 | D:5      | Reached XP level 8. HP: 50/70 MP: 6/8
  5444 | D:5      | Found a staircase to the Ecumenical Temple.
  5444 | D:5      | Noticed Prince Ribbit
  5473 | D:5      | Killed Prince Ribbit
  5474 | D:5      | Reached skill level 9 in Axes
  6139 | D:6      | Reached skill level 5 in Invocations
  6561 | D:6      | Reached * piety under Qazlal
  6864 | D:6      | Reached skill level 10 in Axes
  6989 | D:6      | Reached XP level 9. HP: 60/75 MP: 12/12
  7455 | D:6      | Found a glowing golden altar of the Shining One.
  7455 | D:6      | Found a shadowy altar of Dithmenos.
  7463 | D:6      | Found a snail-covered altar of Cheibriados.
  7465 | D:6      | Found a radiant altar of Vehumet.
  7467 | D:6      | Found a sacrificial altar of Ru.
  7714 | D:7      | Gained mutation: You expend magic power (3 MP) to
                  | strengthen your wands. [potion of mutation]
  8739 | D:7      | Reached skill level 11 in Axes
  9375 | D:7      | Reached ** piety under Qazlal
  9443 | D:7      | Noticed Menkaure
  9444 | D:7      | Paralysed by a hornet for 2 turns
  9660 | D:7      | Killed Menkaure
 10170 | D:8      | Reached XP level 10. HP: 73/83 MP: 11/15
 10313 | D:8      | Found a flagged portal.
 10325 | Bailey   | Entered a bailey
 10562 | Bailey   | Noticed a gargoyle
 10571 | Bailey   | Killed a gargoyle
 11239 | Bailey   | Reached skill level 12 in Axes
 11239 | Bailey   | Reached skill level 10 in Invocations
 11243 | Bailey   | HP: 4/83 [something (11)]
 11243 | Bailey   | Slain by a vampire

Illustrated notes

Levels and vault maps discovered:
D:1:      eino_arrival_water_cross, layout_loops_ring,
          ebering_ecumenical_altar_mist, minmay_heptomino_l4
D:2:      layout_rooms, serial_shops, shop, minmay_small_reverse_x
D:3:      layout_basic, zin_purify
D:4:      layout_loops_ring, minmay_misc_feat_alley
D:5:      layout_loops_corners, grunt_temple_overflow_forces_of_nature,
          gammafunk_temple_overflow_arena, minmay_temple_entry_trees,
          uniq_duvessa, uniq_prince_ribbit1
D:6:      layout_loops_corners, chequers_temple_overflow_minitemple, minivault_5
D:7:      lemuel_ratsnest, layout_rooms, kennysheep_pointless_box,
          minmay_fountain_box, kennysheep_nondescript, uniq_menkaure
D:8:      kennysheep_seaside_town, layout_loops_corners, enter_bailey_3
Bailey:   bailey_polearm_vampire_castle_hellmonk, bailey

Skill      XL: |  1  2  3  4  5  6  7  8  9 10 |
---------------+-------------------------------+-----
Axes           | 4 5 6 7 8 10 11 12 | 12.0
Fighting       | 3 4 5 6 |  6.0
Armour         | 1 3 |  3.1
Dodging        | 4 |  4.5
Invocations    | 2 6 9 10 | 10.0
Throwing       | |  2.0

Action                   |  1- 3 |  4- 6 |  7- 9 | 10-12 || total
-------------------------+-------+-------+-------+-------++-------
Melee: War axe           |    74 |    78 |   342 |    94 ||   588
       Headbutt          |     8 |    15 |    53 |    23 ||    99
       Punch             |       |       |     5 |     3 ||     8
Throw: Throwing net      |       |       |     1 |       ||     1
Invok: Upheaval          |       |       |     2 |     5 ||     7
  Use: Scroll            |       |       |    12 |       ||    12
       Potion            |       |       |    12 |       ||    12
 Stab: Sleeping          |     1 |       |       |       ||     1
       Invisible         |       |       |     1 |       ||     1
Armor: Leather armour    |    14 |       |       |       ||    14
       Chain mail        |    18 |    31 |   158 |    35 ||   242
Dodge: Dodged            |    40 |    18 |   127 |    63 ||   248
Block: Other             |       |       |     9 |     9 ||    18
